 Dungeon Sprint DCSS version 0.30-a0-219-gf2db51d15e (webtiles) character file.

Game seed: 17769682933467362969

18364 rocky1 the Fencer (level 12, -15/110 HPs)
             Began as a Red Draconian Warper on Oct 8, 2022.
             Was the Champion of Cheibriados.
             Hit by a large rock thrown by a stone giant (36 damage)
             ... in the Dungeon (Sprint VII: "The Pits").
             The game lasted 00:10:20 (3002 turns).

rocky1 the Fencer (Red Draconian Warper)            Turns: 3002, Time: 00:10:21

Health: -15/110    AC: 13    Str: 29    XL:     12   Next: 27%
Magic:  7/29       EV: 24    Int: 29    God:    Cheibriados [******]
Gold:   11         SH:  0    Dex: 30    Spells: 23/38 levels left

rFire   + . .      SeeInvis .    b - +3 demon blade (pain)
rCold   . . .      Faith    .    (no shield)
rNeg    . . .      Spirit   .    (body armour unavailable)
rPois   .          Reflect  .    (helmet restricted)
rElec   .          Harm     .    p - +0 cloak
rCorr   .          Rampage  .    (no gloves)
Will    +....      NoTele   +    q - +0 pair of boots
Stlth   +++.......               v - amulet of regeneration
HPRegen 1.18/turn                r - +3 ring of protection
MPRegen 0.21/turn                s - ring of willpower

@: very slow
A: breathe fire, AC +8, unfitting armour, fire resistance 1, cold-blooded
a: Breathe Fire, Renounce Religion, Bend Time, Temporal Distortion, Slouch, Step
From Time


You were in the Dungeon.
You worshipped Cheibriados.
Cheibriados was exalted by your worship.
You visited 1 branch You collected 11 gold pieces.

Inventory:

Hand Weapons
 a - a +2 scimitar of holy wrath
 b - a +3 demon blade of pain (weapon)
Missiles
 c - 7 boomerangs of dispersal (quivered)
 m - 2 throwing nets
Armour
 p - a +0 cloak (worn)
 q - a +0 pair of boots (worn)
Jewellery
 f - a +3 ring of intelligence
 r - a +3 ring of protection (left hand)
 s - a ring of willpower (right hand)
 v - an amulet of regeneration (around neck)
 x - a ring of fire
 z - a ring of resist corrosion
Scrolls
 j - 5 scrolls of amnesia
 k - a scroll of summoning
 t - a scroll of butterflies
 w - 2 scrolls of identify
 y - 3 scrolls of blinking
 A - 3 scrolls of fear
 B - 2 scrolls of enchant weapon
Potions
 d - 8 potions of curing
 e - 10 potions of heal wounds
 g - 4 potions of magic
 h - 2 potions of berserk rage
 i - 2 potions of invisibility
 l - 2 potions of brilliance
 n - 2 potions of might
 o - 4 potions of mutation
 u - a potion of cancellation


   Skills:
 - Level 11.1 Fighting
 - Level 18.1 Long Blades
 - Level 0.8 Throwing
 + Level 10.8 Dodging
 - Level 1.2 Stealth
 + Level 13.8 Spellcasting
 + Level 7.0 Necromancy
 - Level 10.4 Translocations
 - Level 12.5 Invocations


You had 23 spell levels left.
You knew the following spells:

 Your Spells              Type           Power      Damage    Failure   Level
a - Blink                 Tloc           100%       N/A       1%          2
b - Lesser Beckoning      Tloc           100%       N/A       1%          3
c - Teleport Other        Tloc           69%        N/A       1%          3
d - Vhi's Electric Charg  Tloc/Air       100%       N/A       1%          3
e - Manifold Assault      Tloc           69%        N/A       1%          4

Your spell library contained the following spells:

 Spells                   Type           Power      Damage    Failure   Level


Dungeon Overview and Level Annotations

Branches:
Dungeon (1/1)

Altars:
Ashenzari
Cheibriados
Dithmenos
Elyvilon
Fedhas
Gozag
Hepliaklqana
Kikubaaqudgha
Makhleb
Nemelex Xobeh
Okawaru
Qazlal
Ru
Sif Muna
Trog
Uskayaw
Vehumet
Wu Jian
Xom
Yredelemnul
Zin
The Shining One
Jiyva
Lugonu


Innate Abilities, Weirdness & Mutations

You can breathe blasts of fire.
Your fiery red scales are hard. (AC +8)
You cannot fit into any form of body armour.
Your flesh is heat resistant. (rF+)
You are cold-blooded and may be slowed by cold attacks.


Message History

Cheibriados thoroughly appreciates the change of pace.
The chaos spawn degenerates into a cloud of primal chaos!
Unknown command.
Okay, then.
Casting: Manifold Assault (safe; 1% risk of failure)
Confirm with . or Enter, or press ? or * to list all spells.
Space momentarily warps into an impossible shape!
You hit the two-headed ogre.
The two-headed ogre writhes in agony.
You barely miss the red draconian. You slash the stone giant!
The stone giant writhes in agony.
You slice the two-headed ogre!!
You kill the two-headed ogre!
Cheibriados appreciates the change of pace.
Your Necromancy skill increases to level 6!
Unknown command.
Unknown command.
Casting: Manifold Assault (safe; 1% risk of failure)
Confirm with . or Enter, or press ? or * to list all spells.
Space momentarily warps into an impossible shape!
You hit the frost giant but do no damage.
You slash the ogre mage!
The ogre mage writhes in agony.
You slash the red draconian!
A two-headed ogre opens the door.
The stone giant hits you!!
Activating: Slouch (1% risk of failure)
Press: ? - help, Dir - look around, f - activate You can feel time thicken for a moment.
You kill the ogre mage!
Cheibriados thoroughly appreciates the change of pace.
You kill the two-headed ogre!
Cheibriados thoroughly appreciates the change of pace.
The stone giant hits you!!
The frost giant gestures at you while chanting.
The bolt of cold hits you!!!
* * * LOW HITPOINT WARNING * * *
Your Necromancy skill increases to level 7!
Unknown command.
Blink to where?
Press: ? - help, Dir - move target
As you read the scroll of blinking, it crumbles to dust.
The stone giant throws a large rock.
The large rock hits you!!!
You die...

##++ #### . .......# ..
......# .#. ..#..#
+..........# #..........#
#..#....#..# +........@.#
+..........# #..#....#..#
#..........+ #..........+
###''####''#
###''####''###############
#.C§...##.................
#.#C##.##.................


You could see a stone giant.

Vanquished Creatures
  An eidolon (D)
  Harold (D)
  An ogre mage (D)
  A boulder beetle (D)
  2 death yaks (D)
  3 two-headed ogres (D)
  3 hell hogs (D)
  A vampire mage (D)
  A bog body (D)
  A swamp dragon (D)
  A deep elf zephyrmancer (D)
  An orc knight (D)
  A manticore (D)
  A wolf spider (D)
  3 elephants (D)
  2 smoke demons (D)
  Joseph (D)
  A demonic crawler (D)
  2 komodo dragons (D)
  An unseen horror (D)
  A rime drake (D)
  A guardian mummy (D)
  2 polar bears (D)
  2 hornets (D)
  Prince Ribbit (D)
  A tarantella (D)
  3 blink frogs (D)
  A wraith (D)
  A spriggan (D)
  A shadow (D)
  A water elemental (D)
  3 wyverns (D)
  3 yaks (D)
  A steam dragon (D)
  A redback (D)
  A chaos spawn (D)
  3 vampire mosquitoes (D)
  A floating eye (D)
  2 swamp drakes (D)
  3 orc warriors (D)
  A black bear (D)
  A centaur (D)
  An ogre (D)
  A bullfrog (D)
  A scorpion (D)
  A crimson imp (D)
  An iron imp (D)
  An iguana (D)
  An orc wizard (D)
  A gnoll (D)
  An adder (D)
  A river rat (D)
  An ufetubus (D)
  An adder skeleton (D)
  3 orcs (D)
  A bat skeleton (D)
  An endoplasm (D)
  2 goblins (D)
  4 jackals (D)
  3 quokkas (D)
  A ball python (D)
  A ball python simulacrum (D)
  A frilled lizard (D)
  A giant cockroach zombie (D)
  A jackal skeleton (D)
  A quokka skeleton (D)
  A rat (D)
97 creatures vanquished.

Notes
Turn   | Place    | Note
-------+----------+-------------------------------------------
     0 | D        | rocky1 the Draconian Warper began the quest for the Orb.
     0 | D        | Reached XP level 1. HP: 17/17 MP: 3/3
    19 | D        | Found a bloodstained altar of Trog.
    19 | D        | Found a shimmering blue altar of Sif Muna.
    19 | D        | Found a viscous altar of Jiyva.
    19 | D        | Found a hazy altar of Hepliaklqana.
    19 | D        | Found an opulent altar of Gozag.
    20 | D        | Found a glowing golden altar of the Shining One.
    20 | D        | Found a glowing silver altar of Zin.
    20 | D        | Found a basalt altar of Yredelemnul.
    20 | D        | Found a shimmering altar of Xom.
    20 | D        | Found an ornate altar of the Wu Jian Council.
    20 | D        | Found a sacrificial altar of Ru.
    20 | D        | Found a stormy altar of Qazlal.
    20 | D        | Found an iron altar of Okawaru.
    20 | D        | Found a sparkling altar of Nemelex Xobeh.
    20 | D        | Found a burning altar of Makhleb.
    20 | D        | Found a blossoming altar of Fedhas.
    20 | D        | Found a white marble altar of Elyvilon.
    20 | D        | Found a shadowy altar of Dithmenos.
    20 | D        | Found a snail-covered altar of Cheibriados.
    24 | D        | Found a corrupted altar of Lugonu.
    24 | D        | Found a radiant altar of Vehumet.
    25 | D        | Found a broken altar of Ashenzari.
    25 | D        | Found an ancient bone altar of Kikubaaqudgha.
    25 | D        | Found a hide-covered altar of Uskayaw.
    31 | D        | Became a worshipper of Cheibriados the Contemplative
    96 | D        | Reached * piety under Cheibriados
    97 | D        | Reached skill level 1 in Stealth
   100 | D        | Reached XP level 2. HP: 23/25 MP: 5/5
   111 | D        | Reached ** piety under Cheibriados
   115 | D        | Reached *** piety under Cheibriados
   118 | D        | Reached skill level 1 in Invocations
   122 | D        | Reached **** piety under Cheibriados
   184 | D        | Reached ***** piety under Cheibriados
   186 | D        | Noticed a floating eye
   186 | D        | Noticed a black bear
   191 | D        | Paralysed by a floating eye for 4 turns
   198 | D        | Reached skill level 3 in Long Blades
   198 | D        | Reached XP level 3. HP: 30/33 MP: 5/7
   199 | D        | Paralysed by a floating eye for 2 turns
   203 | D        | Killed a floating eye
   204 | D        | Reached skill level 5 in Fighting
   204 | D        | Reached skill level 4 in Long Blades
   204 | D        | Reached skill level 5 in Translocations
   204 | D        | Reached XP level 4. HP: 24/42 MP: 5/10
   204 | D        | Reached XP level 5. HP: 27/48 MP: 5/11
   207 | D        | Reached skill level 5 in Long Blades
   213 | D        | Killed a black bear
   214 | D        | Reached skill level 5 in Spellcasting
   214 | D        | Reached skill level 5 in Invocations
   412 | D        | Learned a level 2 spell: Blink
   416 | D        | Learned a level 3 spell: Lesser Beckoning
   420 | D        | Learned a level 3 spell: Teleport Other
   424 | D        | Learned a level 3 spell: Vhi's Electric Charge
   534 | D        | Noticed an ogre
   539 | D        | Killed an ogre
   539 | D        | Reached ****** piety under Cheibriados
   540 | D        | Reached skill level 6 in Long Blades
   540 | D        | Reached XP level 6. HP: 42/58 MP: 12/14
   699 | D        | Learned a level 4 spell: Manifold Assault
   699 | D        | Noticed a boulder beetle
   724 | D        | Killed a boulder beetle
   725 | D        | Reached skill level 8 in Long Blades
   725 | D        | Your scales start taking on a fiery red colour.
   725 | D        | Reached XP level 7. HP: 36/69 MP: 10/17
   725 | D        | Gained mutation: Your flesh is heat resistant. (rF+) [Red
                  | Draconian growth]
   927 | D        | Noticed a bog body
   929 | D        | Killed an unseen horror
   930 | D        | Reached XP level 8. HP: 78/78 MP: 12/19
   933 | D        | Killed a bog body
   934 | D        | Reached skill level 9 in Long Blades
  1242 | D        | Reached skill level 10 in Fighting
  1299 | D        | Noticed a rime drake
  1299 | D        | Noticed a death yak
  1299 | D        | Noticed a guardian mummy
  1303 | D        | Killed a rime drake
  1304 | D        | Reached XP level 9. HP: 69/85 MP: 8/21
  1308 | D        | Killed a guardian mummy
  1309 | D        | Reached skill level 10 in Invocations
  1314 | D        | Killed a death yak
  1315 | D        | Reached skill level 10 in Long Blades
  1315 | D        | Reached skill level 10 in Translocations
  1469 | D        | Noticed a polar bear
  1469 | D        | Noticed a smoke demon
  1475 | D        | Killed a polar bear
  1478 | D        | Killed a smoke demon
  1499 | D        | Noticed a two-headed ogre
  1507 | D        | Killed a two-headed ogre
  1508 | D        | Reached skill level 11 in Long Blades
  1508 | D        | Reached XP level 10. HP: 50/95 MP: 23/23
  1650 | D        | Reached skill level 12 in Long Blades
  1656 | D        | Reached skill level 13 in Long Blades
  2078 | D        | Noticed an elephant
  2078 | D        | Noticed an elephant
  2079 | D        | Noticed an elephant
  2079 | D        | Noticed a death yak
  2082 | D        | Killed an elephant
  2083 | D        | Reached skill level 14 in Long Blades
  2087 | D        | Killed an elephant
  2091 | D        | Killed an elephant
  2103 | D        | Killed a death yak
  2104 | D        | Reached skill level 15 in Long Blades
  2211 | D        | Noticed Joseph
  2213 | D        | Noticed Harold
  2213 | D        | Noticed an eidolon
  2216 | D        | Reached skill level 16 in Long Blades
  2217 | D        | Killed Joseph
  2218 | D        | Killed an eidolon
  2218 | D        | Killed Harold
  2219 | D        | Reached skill level 18 in Long Blades
  2219 | D        | Reached XP level 11. HP: 41/102 MP: 3/24
  2390 | D        | Noticed Prince Ribbit
  2390 | D        | Noticed a hell hog
  2391 | D        | Noticed a hell hog
  2391 | D        | Noticed a swamp dragon
  2391 | D        | Noticed an orc knight
  2391 | D        | Noticed a hell hog
  2392 | D        | Noticed a deep elf zephyrmancer
  2394 | D        | Killed Prince Ribbit
  2394 | D        | Killed a hell hog
  2394 | D        | Killed a hell hog
  2394 | D        | Killed a hell hog
  2400 | D        | Killed an orc knight
  2400 | D        | Killed a swamp dragon
  2409 | D        | Killed a deep elf zephyrmancer
  2707 | D        | Reached skill level 1 in Necromancy
  2716 | D        | Noticed a wolf spider
  2721 | D        | Killed a wolf spider
  2759 | D        | Noticed a vampire mage
  2772 | D        | Killed a vampire mage
  2777 | D        | Reached XP level 12. HP: 96/110 MP: 24/29
  2804 | D        | Reached skill level 10 in Dodging
  2804 | D        | Reached skill level 5 in Necromancy
  2996 | D        | Found the necklace of Bloodlust {*Rage Will++ Int-3 Slay+6}
  2996 | D        | Noticed a stone giant
  2996 | D        | Noticed a frost giant
  2996 | D        | Noticed a red draconian
  2996 | D        | Noticed an ogre mage
  2996 | D        | Noticed a two-headed ogre
  2996 | D        | Noticed a two-headed ogre
  2999 | D        | Killed a two-headed ogre
  3001 | D        | Killed an ogre mage
  3001 | D        | Killed a two-headed ogre
  3002 | D        | Hit by a large rock thrown by a stone giant

Illustrated notes

Levels and vault maps discovered:
D:        pitsprint [storerooms_1, entrance_room_1, metal_vault_2, armoury_3,
          mini_pit_1, grid_room_1, main_hall_1, silver_pit, the_coven_3,
          the_vestibule_1, steel_vault_2, golden_pit, hallway_of_sentries,
          crystal_vault_3, iron_vault_4, final_vault]

Skill      XL: |  1  2  3  4  5  6  7  8  9 10 11 12 |
---------------+-------------------------------------+-----
Stealth        | 1 |  1.2
Fighting       | 3 5 6 8 9 10 11 | 11.1
Invocations    | 2 4 6 8 9 12 | 12.5
Long Blades    | 3 4 6 8 9 11 18 | 18.1
Spellcasting   | 3 4 5 7 8 9 13 | 13.8
Translocations | 4 5 6 8 9 10 | 10.4
Dodging        | 9 10 | 10.8
Necromancy     | 4 7 |  7.0
Throwing       | |  0.8

Action                   |  1- 3 |  4- 6 |  7- 9 | 10-12 || total
-------------------------+-------+-------+-------+-------++-------
Melee: Falchion          |    30 |       |       |       ||    30
       Tailslap          |     3 |     3 |     5 |    18 ||    29
       Long sword        |     8 |    29 |     1 |       ||    38
       Punch             |       |     1 |     1 |     2 ||     4
       Scimitar          |       |       |    42 |    52 ||    94
       Demon blade       |       |       |       |    38 ||    38
 Cast: Manifold Assault  |       |       |     5 |     5 ||    10
Invok: Slouch            |       |     1 |     4 |    15 ||    20
  Use: Potion            |     1 |     3 |     1 |     2 ||     7
       Scroll            |       |       |       |     2 ||     2
 Stab: Sleeping          |     1 |     1 |       |       ||     2
Armor: Skin              |    29 |     7 |    10 |    24 ||    70
Dodge: Dodged            |    40 |    33 |    27 |    70 ||   170

Table legend: (Time is in decaauts)
 A = Elapsed time spent in this place.
 B = Non-inter-level travel time spent in this place.
 C = Inter-level travel time spent in this place.
 D = Time resting spent in this place.
 E = Time spent auto-exploring this place.
 F = Levels seen in this place.
 G = Mean time per level.
                   A        B        C        D        E       F      G
               +--------+--------+--------+--------+--------+-----+--------+
         Total |   3510 |   3386 |    124 |   2127 |      0 |   1 | 3510.0 |
       Dungeon |   3510 |   3386 |    124 |   2127 |      0 |   1 | 3510.0 |
               +--------+--------+--------+--------+--------+-----+--------+

Top non-repeatable levels by time:
       D: 3510 daAuts
